Map: King Sejong Station LE

Players

Oxossi

  • Race: Zerg Zerg
  • League: Master

MoWjAhEeD - Winner!

  • Race: Terran Terran
  • League: Master

VOD

Have the link to the VOD?

Description

Time

  • Played on: Oct. 24, 2016, 7:22 p.m.
  • Length: 12:09
Show
View Real Time Build Order
Export as new Build Order

Oxossi Zerg 

Build Orders: Hatch First 

Get SALT Encoding   

  12  0:01  Drone  
  13  0:12  Overlord  
  13  0:17  Drone  
  14  0:30  Drone x2  
  14  0:34  Drone  
  17  0:54  Unknown, Hatchery  
  17  0:57  Drone  
  17  1:07  Extractor  
  17  1:10  Spawning Pool  
  15  1:14  Drone  
  16  1:19  Drone  
  16  1:20  Drone  
  18  1:28  Drone  
  19  1:38  Overlord  
  19  1:57  Queen  
  19  1:59  Zergling x2  
  23  2:01  Zergling x2  
  23  2:05  Queen, Unknown  
  23  2:07  Zergling x2  
  26  2:08  Metabolic Boost  
  26  2:12  Drone  
  27  2:18  Evolution Chamber  
  27  2:20  Drone  
  27  2:29  Drone x2  
  29  2:36  Drone  
  29  2:46  Spine Crawler  
  29  2:50  Pneumatized Carapace  
  28  2:53  Drone  
  29  3:09  Drone x2  
  29  3:10  Drone x3  
  32  3:18  Zergling x2  
  32  3:19  Zergling x4  
  35  3:20  Overlord  
  35  3:24  Zergling x2  
  36  3:37  Unknown, Hatchery  
  36  3:41  Zergling x2  
  36  3:42  Zergling x2  
  36  3:43  Zergling x2  
  36  3:45  Drone  
  36  3:47  Drone  
  40  3:53  Queen  
  42  4:03  Queen, Overlord  
  43  4:21  Drone x3  
  44  4:25  Drone x2  
  44  4:26  Roach Warren  
  44  4:29  Zergling x6  
  44  4:30  Zergling x2  
  49  4:39  Overlord  
  49  4:42  Overlord, Drone  
  49  4:43  Drone x2  
  52  4:48  Unknown  
  52  4:54  Queen  
  52  4:55  Drone  
  52  4:57  Lair  
  55  5:08  Extractor, Drone x2  
  55  5:11  Roach x2  
  55  5:12  Roach  
  62  5:25  Queen  
  62  5:27  Spore Crawler  
  62  5:28  Spore Crawler  
  54  5:37  Roach x3  
  54  5:38  Roach x4  
  59  5:43  Queen  
  58  5:51  Roach x2  
  60  6:08  Drone  
  60  6:09  Drone x2  
  63  6:12  Spore Crawler, Drone x2  
  63  6:15  Drone x4  
  63  6:16  Drone x2  
  63  6:17  Drone  
  71  6:19  Zerg Ground Armor Level 1  
  71  6:32  Drone x3  
  74  6:37  Extractor  
  74  6:38  Drone  
  74  6:42  Overlord  
  74  6:44  Queen  
  74  7:00  Queen  
  76  7:03  Roach x2, Overlord  
  76  7:04  Overlord  
  82  7:19  Queen  
  82  7:26  Roach x6  
  82  7:27  Roach  
  92  7:36  Queen  
  90  7:38  Overlord x2  
  90  7:39  Roach  
  92  7:55  Overlord x3  
  92  7:56  Ravager  
  92  7:57  Glial Reconstitution, Ravager, Overlord  
  94  7:59  Roach  
  88  8:20  Roach x6  
  88  8:21  Roach, Overlord, Zergling x2  
  88  8:25  Spore Crawler x2  
  88  8:27  Extractor, Unknown, Hatchery  
  100  8:28  Spore Crawler  
  100  8:31  Overseer  
  100  8:34  Roach x2  
  100  8:39  Overlord, Drone  
  100  8:40  Drone  
  93  9:11  Roach x2  
  93  9:12  Overseer x4, Roach x3  
  93  9:13  Queen x2  
  93  9:15  Drone x2  
  109  9:38  Unknown  
  109  9:48  Queen  
  109  9:49  Queen, Drone  
  114  9:58  Extractor  
  113  10:00  Drone  
  113  10:01  Extractor, Drone x6  
  113  10:02  Drone  
  113  10:05  Unknown, Hatchery  
  119  10:18  Overlord  
  119  10:19  Overlord  
  119  10:23  Infestation Pit  
  119  10:24  Baneling Nest  
  119  10:27  Evolution Chamber  
  114  10:31  Hydralisk Den  
  114  10:34  Roach x6  
  114  10:35  Roach x2  
  98  10:51  Roach  
  98  10:52  Roach x5  
  98  10:53  Roach  
  106  11:09  Hydralisk  
  106  11:10  Hydralisk x2  
  106  11:11  Overlord x3, Zergling x4  
  112  11:12  Zergling x4  
  116  11:24  Ravager x2  
Show
View Real Time Build Order
Export as new Build Order

MoWjAhEeD Terran - Winner!

Build Orders: Reaper Expand, Hellion Banshee, Mech 

Get SALT Encoding   

  12  0:00  SCV  
  13  0:12  SCV  
  14  0:17  Supply Depot  
  14  0:25  SCV  
  15  0:39  SCV  
  15  0:40  Barracks  
  16  0:45  Refinery  
  16  0:51  SCV  
  17  1:03  SCV  
  18  1:15  SCV  
  19  1:27  Orbital Command  
  19  1:28  Reaper  
  20  1:43  Command Center, Unknown  
  20  1:53  SCV  
  21  2:00  Supply Depot, Barracks Reactor  
  21  2:05  SCV  
  21  2:07  Refinery  
  22  2:17  SCV  
  23  2:24  Factory  
  23  2:29  SCV  
  24  2:37  Marine  
  24  2:38  Marine  
  26  2:50  SCV  
  27  2:54  Unknown  
  27  2:55  Marine x2  
  29  3:12  SCV  
  29  3:13  Orbital Command  
  29  3:23  Starport  
  29  3:24  Hellion x2  
  29  3:26  Barracks Tech Lab, SCV  
  34  3:32  Supply Depot  
  34  3:38  SCV  
  34  3:39  SCV  
  36  3:45  Armory  
  36  3:50  SCV  
  36  3:51  Hellion  
  36  3:55  Hellion  
  41  4:05  SCV x2  
  43  4:10  Cloaking Field, Banshee  
  45  4:20  SCV  
  45  4:21  SCV  
  45  4:22  Hellion  
  47  4:33  SCV x2  
  47  4:37  Terran Vehicle Weapons Level 1, Engineering Bay  
  49  4:39  Supply Depot  
  49  4:47  Hellion x2  
  49  4:50  SCV  
  54  5:01  SCV, Banshee  
  54  5:02  Supply Depot  
  54  5:04  Supply Depot  
  58  5:07  SCV  
  58  5:13  SCV  
  60  5:19  SCV  
  60  5:21  Hellion x2  
  61  5:25  SCV  
  59  5:31  SCV  
  64  5:35  Hellion x2  
  64  5:37  SCV  
  64  5:41  Command Center, Unknown, Refinery x2  
  66  5:57  Hellion x2  
  66  5:59  SCV x2  
  66  6:03  Raven  
  63  6:13  SCV x2  
  65  6:20  Factory x3, Barracks Reactor  
  65  6:21  Factory  
  65  6:22  Hellion x2  
  69  6:27  SCV x2  
  69  6:32  Supply Depot  
  71  6:33  Supply Depot  
  71  6:36  Terran Vehicle Weapons Level 2  
  71  6:39  SCV x2  
  73  6:52  Unknown  
  73  6:55  SCV x2  
  73  6:57  Orbital Command  
  73  6:59  Supply Depot  
  68  7:16  SCV x2  
  68  7:21  Missile Turret, Supply Depot  
  64  7:30  Factory Reactor x2  
  64  7:31  Factory Tech Lab x2  
  64  7:34  Thor, Viking x2  
  71  7:37  SCV x2  
  71  7:39  Supply Depot  
  71  7:41  Supply Depot  
  71  7:43  Hellion  
  70  8:03  SCV x2  
  71  8:15  Viking x2  
  71  8:17  Infernal Pre-Igniter  
  75  8:22  SCV x2  
  75  8:26  Widow Mine x4  
  79  8:34  Supply Depot  
  85  8:35  Orbital Command  
  85  8:48  Siege Tank x2  
  85  8:50  Siege Tank  
  85  8:52  SCV x2  
  85  8:54  Supply Depot  
  85  8:55  Terran Vehicle And Ship Armor Level 1  
  84  9:15  Hellbat x2  
  84  9:16  Hellbat  
  90  9:17  SCV x3  
  90  9:21  Siege Tank  
  96  9:28  Widow Mine  
  96  9:29  SCV x3  
  96  9:30  Siege Tank  
  96  9:31  Refinery  
  104  9:34  Refinery  
  104  9:35  Siege Tank  
  107  9:41  SCV x3  
  110  9:49  Hellbat x2  
  110  9:50  Hellbat  
  116  9:53  SCV x3, Siege Tank  
  122  10:00  Viking  
  122  10:01  Widow Mine  
  122  10:03  Siege Tank  
  122  10:06  SCV  
  122  10:07  SCV x2  
  131  10:12  Supply Depot  
  132  10:17  Widow Mine x2  
  132  10:19  Hellbat, Siege Tank  
  141  10:21  SCV x2  
  141  10:22  SCV  
  141  10:27  Supply Depot  
  144  10:33  SCV x2  
  144  10:34  SCV  
  147  10:47  Hellbat x3, Siege Tank x2  
  141  10:54  Widow Mine  
  141  10:55  Siege Tank  
  146  11:07  Widow Mine  
  148  11:16  Widow Mine x2  
  152  11:19  Siege Tank x2  
  158  11:27  Siege Tank  
  161  11:36  Widow Mine x2  
  167  12:00  Command Center, Unknown  
Tags
 
Add a new tag
Caveats
  • Supply blocks, unpowered buildings, or Contaminate may cause inaccurate times.
  • Supply counts are checked every 10 seconds.